AoeStats
← Dragon

Arena

506458705Analyzed
1v1 RM · 18d ago on Sep 13, 2026· 51m 52s· 2 players
Game mode
Random Map
Map size
Tiny (2 player)
Population
200
Speed
Normal
Resources
Standard
Victory
Conquest
Starting age
Dark Age
Ending age
Imperial Age
RankedLock teamsTeams togetherTeam positionsShared explorationLock speedFull tech treeHidden civsTurbo modeCheats
Victory
Defeat
🇵🇭 Spanish · Philippines
1241
+17
🇩🇪 Bohemians · Germany
1253
-17
Panny-kun
10:32 Feudal Age
14:59 Castle Age
13:41 Double-Bit Axe
14:17 Gold Mining
16:48 Fervor
17:51 Atonement
19:13 Bow Saw
23:12 Redemption
23:27 Horse Collar
23:52 Town Watch
24:44 Wheelbarrow
25:34 Sanctity
25:13 Loom
26:18 Hand Cart
26:27 Pikeman
31:19 Imperial Age
29:46 Town Patrol
31:29 Squires
31:41 Forging
31:31 Scale Mail Armor
31:26 Halberdier
32:46 Block Printing
35:33 Iron Casting
35:13 Chain Mail Armor
35:04 Husbandry
35:16 Bloodlines
37:58 Inquisition
37:57 Capped Ram
39:36 Illumination
39:09 Siege Ram
42:11 Elite Skirmisher
42:57 Thumb Ring
42:43 Fletching
43:54 Blast Furnace
43:24 Plate Mail Armor
42:54 Padded Archer Armor
44:28 Bodkin Arrow
48:17 Chemistry
47:38 Ballistics
49:23 Theocracy
Dragon
10:37 Feudal Age
11:45 Loom
16:53 Castle Age
17:16 Double-Bit Axe
17:12 Horse Collar
19:26 Fervor
22:19 Bow Saw
25:43 Devotion
26:18 Heavy Plow
25:52 Light Cavalry
26:34 Husbandry
29:01 Forging
30:15 Wheelbarrow
34:33 Imperial Age
34:05 Fortified Wall
36:20 Chemistry
39:54 Conscription
Connection lost

Rejoining the realm…

Still unreachable

The connection could not be restored.

Session expired

The server has moved on; the page needs a fresh start.